 Dungeon Crawl Stone Soup version 0.23.2-1-ga50397a (webtiles) character file.

Game seed: 2589993952501313293

9359 kae the Martial Artist (level 11, -5/78 HPs)
             Began as a Demonspawn Transmuter on Apr 17, 2019.
             Was a Priest of Wu Jian.
             Slain by a spiny frog (22 damage)
             ... on level 3 of the Lair of Beasts.
             The game lasted 00:17:23 (15642 turns).

kae the Martial Artist (Demonspawn Transmuter)     Turns: 15642, Time: 00:17:24

Health: -5/78      AC:  4    Str: 10    XL:     11   Next: 22%
Magic:  17/17      EV: 12    Int: 17    God:    Wu Jian [***...]
Gold:   548        SH:  4    Dex: 18    Spells: 4/18 levels left

rFire    + + .     SeeInvis .     - Unarmed
rCold    + + .     Gourm    .   (shield currently unavailable)
rNeg     . . .     Faith    .   e - +2 robe {rC+ rF+}
rPois    .         Spirit   .   (helmet unavailable)
rElec    .         Reflect  +   z - scarf {rC+ rF+}
rCorr    .         Harm     .   (gloves currently unavailable)
MR       .....                  (no boots)
Stlth    ++++......             A - +4 amulet of reflection
HPRegen  0.23/turn              E - ring "Pojes" {Int+3 Stlth+}
MPRegen  0.15/turn              u - ring of wizardry

@: lethally poisoned (-5 -> -21), blade hands
A: hooves 2, horns 3, nightstalker 2
a: End Transformation, Wall Jump, Serpent's Lash, Renounce Religion


You were on level 3 of the Lair of Beasts.
You worshipped Wu Jian.
Wu Jian was most pleased with you.
You were not hungry.
You had blades for hands.
You visited 3 branches of the dungeon, and saw 12 of its levels.

You collected 548 gold pieces.

Inventory:

Missiles
 a - 157 arrows
Armour
 b - a +0 robe
 e - a +2 robe of resistance (worn)
 z - a scarf of resistance (worn)
Jewellery
 f - an uncursed amulet of guardian spirit
 i - an uncursed ring of ice {unknown}
 q - an uncursed ring of flight
 r - an uncursed amulet of rage
 u - a ring of wizardry (right scythe-like blade)
 y - an uncursed ring of magical power
 A - a +4 amulet of reflection (around neck)
 E - the ring "Pojes" (left scythe-like blade) {Int+3 Stlth+}
   (You found it on level 7 of the Dungeon)

   [ring of stealth]

   It affects your intelligence (+3).
   It makes you more stealthy.
Wands
 c - a wand of digging (3)
 g - a wand of flame (12)
 k - a wand of iceblast (10)
 D - a wand of acid (8)
Scrolls
 j - 3 scrolls of remove curse
 o - 2 scrolls of blinking
 p - a scroll of teleportation
 s - a scroll of enchant weapon
 t - 2 scrolls of amnesia
Potions
 h - a potion of might
 l - a potion of magic
 m - 2 potions of brilliance
 n - a potion of berserk rage
 v - 2 potions of invisibility
 w - a potion of resistance
 x - a potion of ambrosia
 C - 3 potions of mutation
 F - a potion of curing
Comestibles
 d - 22 rations


   Skills:
 + Level 4.7 Fighting
 - Level 1.7 Dodging
 * Level 11.6 Unarmed Combat
 + Level 4.2 Spellcasting
 - Level 10.1 Transmutations


You had 4 spell levels left.
You knew the following spells:

 Your Spells              Type           Power        Failure   Level  Hunger
a - Ice Form              Ice/Tmut       ###.....     30%         4    ####...
b - Sticks to Snakes      Tmut           #####...     4%          2    ##.....
c - Spider Form           Tmut/Pois      ###.......   16%         3    ###....
d - Blade Hands           Tmut           #####.....   16%         5    ######.

Your spell library contained the following spells:

 Spells                   Type           Power        Failure   Level  Hunger
 Beastly Appendage        Tmut           #####.       4%          1    None
 Animate Skeleton         Necr           N/A          26%         1    None
 Apportation              Tloc           #.....       26%         1    None
 Confusing Touch          Hex            #.....       26%         1    None
 Corona                   Hex            #......      26%         1    None
 Summon Small Mammal      Summ           #...         26%         1    None
 Ensorcelled Hibernation  Hex/Ice        #.....       34%         2    ##.....
 Confuse                  Hex            #.......     50%         3    ###....
 Dazzling Spray           Conj/Hex       #.....       50%         3    ###....
 Tukima's Dance           Hex            #.......     50%         3    ###....


Dungeon Overview and Level Annotations

Branches:
Dungeon (8/15)             Temple (1/1) D:5            Lair (3/6) D:8
 Shoals (0/4) Lair:2       Spider (0/4) Lair:2

Altars:
Ashenzari
Cheibriados
Dithmenos
Elyvilon
Gozag
Hepliaklqana
Makhleb
Nemelex Xobeh
Okawaru
Qazlal
Ru
Sif Muna
Trog
Uskayaw
Vehumet
Wu Jian
Xom
Yredelemnul
Zin
The Shining One

Shops:
D:6 !

Annotations:
D:3 exclusions: orc and orc priest
D:4 3 runed translucent doors, Kairos's ghost, amateur FoAK
Lair:2 exclusions: hydra and merfolk siren


Innate Abilities, Weirdness & Mutations

You have hoof-like feet.
You have a pair of large horns on your head.
You are significantly more attuned to the shadows.


Message History

You kill the yak!
The Council accepts your kill.
Evoke which item? (* to show all) (? for menu, Esc to quit)
Aiming: Dig
Press: ? - help, Shift-Dir - straight line A rock wall.
The rock shatters into small pieces.
The spiny frog misses you.
You slice the yak!!
The yak is severely wounded.
The yak gores you! The spiny frog stings you! The yak closely misses you.
You slice the yak!!
You kill the yak!
The Council accepts your kill. The spiny frog stings you!
You are poisoned.
The spiny frog poisons you! The yak closely misses you.
The crocodile bites you!
* * * LOW HITPOINT WARNING * * *
The spiny frog stings you!!
You die...

.#+.....#
#....#.###PP#..###
.......## #.......
...#..## #....#...
(.....########........
...#...#.#..##....#....
...#....................
.........................
.........#.P##PP.F....?..
.......####.....@Fl......
...>.... #####tY.......
......######P#YY†.#'#..#
.........Y.........F..
............###.#.....
.#.#P..P#.### ###.....
........#†.# .....
......Y.Y.### .....
.....YY.....# .....


You could see 3 yaks, 2 spiny frogs, a crocodile and a wyvern.

Vanquished Creatures
  Harold (D:7)
  A hydra (D:7)
  An elephant (D:8)
  A rime drake (Lair:2)
  A komodo dragon (Lair:3)
  2 hippogriffs
  Sigmund (D:2)
  12 yaks
  A wyvern (Lair:3)
  4 basilisks
  4 water moccasins
  3 porcupines (Lair:2)
  3 orc warriors
  Duvessa (D:6)
  A black bear (D:6)
  3 ice beasts
  2 phantoms
  4 ogres
  4 crocodiles
  A big kobold (D:7)
  7 bullfrogs
  Dowan (D:6)
  3 scorpions
  A jelly (D:6)
  3 wights (D:7)
  A howler monkey (D:6)
  A crimson imp (D:6)
  A bullfrog zombie (D:5)
  4 hounds
  5 orc priests
  2 centaur skeletons
  4 orc wizards
  A bullfrog skeleton (D:5)
  Jessica (D:2)
  4 iguanas
  5 worker ants
  A hound zombie (D:5)
  A worker ant zombie (D:5)
  A gnoll (D:1)
  15 adders
  2 shadow imps
  An adder skeleton (D:5)
  3 worms
  3 dart slugs
  5 leopard geckos
  29 orcs
  5 giant cockroaches
  4 goblins
  9 hobgoblins
  18 jackals
  6 quokkas
  6 bats
  3 frilled lizards
  4 kobolds
  A quokka zombie (D:5)
  8 rats
  A fungus (Lair:2)
221 creatures vanquished.

Vanquished Creatures (collateral kills)
  An iguana (D:5)
  2 worker ants
  An adder (D:3)
  A shadow imp (D:5)
  A worm (D:2)
  A kobold (D:1)
  A ball python (D:1)
  A bat (D:1)
9 creatures vanquished.

Vanquished Creatures (others)
  A plant (Lair:2)
1 creature vanquished.

Grand Total: 231 creatures vanquished

Notes
Turn   | Place    | Note
-------+----------+-------------------------------------------
     0 | D:1      | kae the Demonspawn Transmuter began the quest for the Orb.
     0 | D:1      | Reached XP level 1. HP: 15/15 MP: 3/3
   212 | D:1      | Gained mutation: You are slightly more attuned to the
                  | shadows. [demonic ancestry]
   212 | D:1      | Reached XP level 2. HP: 17/21 MP: 3/5
   568 | D:1      | Learned a level 2 spell: Sticks to Snakes
  1227 | D:1      | Gained mutation: You are significantly more attuned to the
                  | shadows. [demonic ancestry]
  1227 | D:1      | Reached XP level 3. HP: 26/26 MP: 6/6
  1232 | D:1      | Learned a level 3 spell: Spider Form
  1500 | D:2      | Noticed Sigmund
  2148 | D:2      | Found a hazy altar of Hepliaklqana.
  2161 | D:2      | Gained mutation: You have a pair of small horns on your
                  | head. [demonic ancestry]
  2161 | D:2      | Reached XP level 4. HP: 16/32 MP: 4/7
  2536 | D:2      | Killed Sigmund
  2536 | D:2      | Reached skill level 5 in Transmutations
  2536 | D:2      | Gained mutation: You have a pair of horns on your head.
                  | [demonic ancestry]
  2536 | D:2      | Reached XP level 5. HP: 4/37 MP: 4/8
  3116 | D:2      | Found an opulent altar of Gozag.
  3117 | D:2      | Found a sparkling altar of Nemelex Xobeh.
  3177 | D:2      | Noticed Jessica
  3185 | D:2      | Killed Jessica
  3185 | D:2      | Reached XP level 6. HP: 39/43 MP: 6/9
  3878 | D:3      | Found a glowing golden altar of the Shining One.
  4161 | D:3      | Found an opulent altar of Gozag.
  4589 | D:3      | Found a radiant altar of Vehumet.
  4731 | D:3      | Found a burning altar of Makhleb.
  4731 | D:3      | Found a glowing silver altar of Zin.
  4732 | D:3      | Noticed an angel
  4732 | D:3      | Noticed a blizzard demon
  5353 | D:4      | HP: 2/43 [poisoned by a scorpion]
  5774 | D:4      | Found a runed translucent gate.
  5774 | D:4      | Found a runed translucent gate.
  5774 | D:4      | Found a runed translucent gate.
  5792 | D:4      | Gained mutation: You have a pair of large horns on your
                  | head. [demonic ancestry]
  5792 | D:4      | Reached XP level 7. HP: 19/48 MP: 10/10
  6282 | D:4      | Noticed Kairos's ghost (amateur FoAK)
  6296 | D:5      | Entered Level 5 of the Dungeon
  6448 | D:5      | Reached skill level 3 in Unarmed Combat
  6667 | D:5      | Found a stormy altar of Qazlal.
  6754 | D:5      | Found a staircase to the Ecumenical Temple.
  6762 | Temple   | Entered the Ecumenical Temple
  6831 | Temple   | Became a worshipper of the Wu Jian Council
  7215 | D:5      | Reached skill level 4 in Unarmed Combat
  7623 | D:5      | Found a sacrificial altar of Ru.
  8095 | D:6      | Reached XP level 8. HP: 41/54 MP: 11/11
  8211 | D:6      | Reached skill level 5 in Unarmed Combat
  8269 | D:6      | Reached * piety under Wu Jian
  8397 | D:6      | Noticed Dowan
  8524 | D:6      | Noticed Duvessa
  8532 | D:6      | Killed Duvessa
  8532 | D:6      | Reached skill level 6 in Unarmed Combat
  8543 | D:6      | Killed Dowan
  8716 | D:6      | Found Imias's Distillery.
  9345 | D:6      | Reached skill level 7 in Unarmed Combat
  9690 | D:6      | Reached XP level 9. HP: 54/59 MP: 7/12
 10257 | D:7      | You fall through a shaft!
 10257 | D:8      | Found a hide-covered altar of Uskayaw.
 10258 | D:8      | Noticed a -1 dagger
 10258 | D:8      | Noticed a +0 dagger
 10306 | D:8      | Reached skill level 8 in Unarmed Combat
 10335 | D:8      | Learned a level 5 spell: Blade Hands
 10416 | D:8      | Reached ** piety under Wu Jian
 10425 | D:8      | Found a staircase to the Lair.
 10425 | D:8      | Noticed an elephant
 11060 | D:8      | Killed an elephant
 11060 | D:8      | Reached skill level 9 in Unarmed Combat
 11436 | D:7      | Noticed Harold
 11465 | D:7      | Killed Harold
 11465 | D:7      | Gained mutation: You have large cloven feet. [demonic
                  | ancestry]
 11465 | D:7      | Reached XP level 10. HP: 35/65 MP: 2/13
 11692 | D:7      | Reached skill level 10 in Unarmed Combat
 11953 | D:7      | Got a transparent silver ring
 12012 | D:7      | Noticed a seven-headed hydra
 12028 | D:7      | Killed a seven-headed hydra
 12028 | D:7      | Reached skill level 10 in Transmutations
 12480 | Lair:1   | Entered Level 1 of the Lair of Beasts
 12482 | Lair:1   | Identified the ring "Pojes" {Int+3 Stlth+} (You found it on
                  | level 7 of the Dungeon)
 13559 | Lair:2   | Noticed a merfolk siren
 13806 | Lair:2   | Noticed an eight-headed hydra
 14003 | Lair:2   | Found a hole to the Spider Nest.
 14273 | Lair:2   | Reached skill level 11 in Unarmed Combat
 14354 | Lair:2   | Reached *** piety under Wu Jian
 14668 | Lair:2   | Gained mutation: You have hoof-like feet. [demonic
                  | ancestry]
 14668 | Lair:2   | Reached XP level 11. HP: 77/77 MP: 16/16
 14936 | Lair:2   | Found a staircase to the Shoals.
 15382 | Lair:3   | Learned a level 4 spell: Ice Form
 15642 | Lair:3   | Slain by a spiny frog

Skill      XL: |  1  2  3  4  5  6  7  8  9 10 11 |
---------------+----------------------------------+-----
Transmutations | 2 3 4 5 7 8 9 10 | 10.1
Unarmed Combat | 4 7 9 11 | 11.6
Fighting       | 4 |  4.7
Spellcasting   | 3 4 |  4.2
Dodging        | |  1.7

Action                   |  1- 3 |  4- 6 |  7- 9 | 10-12 || total
-------------------------+-------+-------+-------+-------++-------
Melee: Unarmed           |   129 |   242 |   381 |   160 ||   912
       Kick              |     5 |     4 |     6 |    40 ||    55
       Headbutt          |     3 |    31 |    33 |    40 ||   107
       Punch             |     2 |     1 |     6 |    10 ||    19
 Cast: Beastly Appendage |    10 |    10 |     6 |       ||    26
       Sticks to Snakes  |     4 |    11 |    10 |     1 ||    26
       Spider Form       |       |     6 |    20 |       ||    26
       Blade Hands       |       |       |     9 |    11 ||    20
       Ice Form          |       |       |       |     1 ||     1
Invok: Lunge             |       |       |    22 |     9 ||    31
       Whirlwind         |       |       |     2 |     3 ||     5
Evoke: Wand              |       |       |     2 |     3 ||     5
  Use: Potion            |     1 |     2 |     1 |     6 ||    10
       Scroll            |     4 |     3 |     6 |     7 ||    20
 Stab: Sleeping          |     3 |    12 |    16 |    10 ||    41
       Distracted        |       |     3 |     3 |       ||     6
  Eat: Chunk             |     4 |     8 |    19 |     9 ||    40
       Ration            |       |     2 |     1 |     3 ||     6
Armor: Robe              |    30 |    57 |    25 |    14 ||   126
       Skin              |       |     2 |     5 |    44 ||    51
Dodge: Dodged            |   120 |   150 |   245 |    42 ||   557
Block: Other             |       |       |       |    15 ||    15
